 Dungeon Sprint DCSS version bcrawl-1.12-5-g74a5124548 (webtiles) character file.

Game seed: 16013946185007710803

291 Goodini51 the Grappler (level 6, -11/67 HPs)
             Began as a Troll Monk on May 31, 2019.
             Was a Believer of Wu Jian.
             Mangled by Sonja
             ... wielding a +1 dagger of distortion
              (19 damage)
             ... in the Dungeon (Sprint I: "Red Sonja").
             The game lasted 00:03:32 (304 turns).

Goodini51 the Grappler (Troll Monk)                  Turns: 304, Time: 00:03:33

Health: -11/67     AC:  6    Str: 22    XL:     6   Next: 10%
Magic:  0/6        EV: 12    Int:  7    God:    Wu Jian [**....]
Gold:   189        SH:  0    Dex: 12    Spells: 5/5 levels left

rFire    . . .     SeeInvis .     - Unarmed
rCold    . . .     Gourm    +   (no shield)
rNeg     . . .     Faith    .   (armour unavailable)
rPois    .         Spirit   +   a - +0 hat
rElec    .         Reflect  .   (no cloak)
rCorr    .         Harm     .   (gloves unavailable)
MR       .....     NoTele   +   (boots unavailable)
Stlth    ++........             b - amulet of guardian spirit
HPRegen  0.61/turn              (no ring)
MPRegen  0.10/turn              (no ring)

@: lethally poisoned (-11 -> -20), slowed, very slow
A: large, almost no armour, unfitting armour, claws 3, fast metabolism 3,
gourmand, regeneration 1, AC +6
a: Wall Jump, Serpent's Lash, Renounce Religion


You were in the Dungeon.
You worshipped Wu Jian.
Wu Jian was pleased with you.
You were very full.

You visited 1 branch You collected 189 gold pieces.

Inventory:

Hand Weapons
 d - a +0 dagger of chaos
 j - a +0 hunting sling
Missiles
 k - 162 sling bullets
Armour
 a - a +0 hat (worn)
Jewellery
 b - an amulet of guardian spirit (around neck)
Scrolls
 i - a scroll of blinking
 l - a scroll of magic mapping {unknown}
Potions
 f - a potion of haste
 g - 2 potions of magic
 h - a potion of berserk rage
Comestibles
 c - 2 rations {!d}


   Skills:
 + Level 6.2 Fighting
 + Level 6.0 Dodging
 + Level 2.4 Stealth
 + Level 8.4 Unarmed Combat
   Level 2.0 Invocations


You had 5 spell levels left.
You didn't know any spells.
Your spell library contained the following spells:

 Spells                   Type           Power        Failure   Level  Hunger
 Shock                    Conj/Air       #...         43%         1    ##.....
 Swiftness                Chrm/Air       #.......     56%         2    ###....
 Static Discharge         Conj/Air       #.......     80%         3    ####...
 Airstrike                Air            #.........   99%         4    #####..
 Lightning Bolt           Conj/Air       #.........   100%        5    ######.


Dungeon Overview and Level Annotations

Branches:
Dungeon (1/1)

Altars:
Sif Muna
Vehumet
Wu Jian

Annotations:
D Sonja


Innate Abilities, Weirdness & Mutations

You cannot wear most types of armour.
Your thick skin is tough. (AC +6)
You are too large for most types of armour.
You have claws for hands.
Your metabolism is lightning-fast.
You like to eat raw meat.
Your natural rate of healing is unusually fast.


Message History

You have difficulty breathing.
You feel as though you will be slow longer.
Sonja shoots a curare-tipped needle.
The curare-tipped needle barely misses you.
There is an open door here.
You lunge at Sonja, in a flurry of attacks.
You closely miss Sonja. You completely miss Sonja.
You feel very sick.
Sonja says, "If only old Madame Brzewit could see me now!"
Sonja unwields a +0 blowgun.
Sonja wields a +1 dagger of distortion.
Its appearance distorts for a moment.
Sonja hits you but does no damage. x2
Space warps horribly around you!!
* * * LOW HITPOINT WARNING * * *
Sonja closely misses you.
Sonja hits you with a +1 dagger of distortion.
* * * LOW HITPOINT WARNING * * *
Sonja hits you but does no damage. Space warps horribly around you.
* * * LOW HITPOINT WARNING * * *
Sonja hits you but does no damage. Space warps horribly around you!!
You die...

################
#<.#.[').#..'..#
#..'..#..').#..+
#..#####'#####'#
#..# #..# #.#
#..# #### ##.#
#..# #+#_.+ #⌠⌠#
+.K._# ####
#_@#'# ##'#[#
##.### +$.$+
#..$# ##.## #+#


You could see Sonja.

Vanquished Creatures
  Sigmund (D)
  An ogre (D)
  A jelly (D)
  Ijyb (D)
4 creatures vanquished.

Notes
Turn   | Place    | Note
-------+----------+-------------------------------------------
     0 | D        | Goodini51 the Troll Monk began the quest for the Orb.
     0 | D        | Reached XP level 1. HP: 22/22 MP: 1/1
     2 | D        | Noticed Ijyb
    24 | D        | Paralysed by Ijyb for 4 turns
    32 | D        | Killed Ijyb
    32 | D        | Reached skill level 4 in Unarmed Combat
    32 | D        | Reached XP level 2. HP: 31/31 MP: 0/2
   220 | D        | Noticed an ogre
   224 | D        | Killed an ogre
   224 | D        | Reached skill level 6 in Unarmed Combat
   224 | D        | Reached XP level 3. HP: 39/41 MP: 3/3
   224 | D        | Gained mutation: Your natural rate of healing is unusually
                  | fast. [Troll growth]
   224 | D        | Reached XP level 4. HP: 46/49 MP: 4/4
   233 | D        | Noticed Sigmund
   238 | D        | Killed Sigmund
   238 | D        | Reached skill level 5 in Dodging
   238 | D        | Reached skill level 8 in Unarmed Combat
   238 | D        | Reached XP level 5. HP: 52/59 MP: 5/5
   268 | D        | Found a deep blue altar of Sif Muna.
   269 | D        | Found an ornate altar of the Wu Jian Council.
   270 | D        | Found a radiant altar of Vehumet.
   274 | D        | Reached XP level 6. HP: 63/67 MP: 6/6
   282 | D        | Became a worshipper of the Wu Jian Council
   282 | D        | Reached * piety under Wu Jian
   282 | D        | Reached ** piety under Wu Jian
   290 | D        | Noticed Sonja
   304 | D        | Mangled by Sonja

Skill      XL: |  1  2  3  4  5 |
---------------+----------------+-----
Fighting       | 3 4 6 |  6.2
Dodging        | 3 4 5 6 |  6.0
Unarmed Combat | 4 6 8 |  8.4
Stealth        | 2 |  2.4
Invocations    | |  2.0

Action                   |  1- 3 |  4- 6 || total
-------------------------+-------+-------++-------
Melee: Unarmed           |    28 |    13 ||    41
Invok: Lunge             |       |     1 ||     1
  Use: Potion            |     1 |     1 ||     2
  Eat: Chunk             |       |     7 ||     7
Armor: Skin              |     6 |    11 ||    17
Dodge: Dodged            |    12 |    15 ||    27
